 Dungeon Crawl Stone Soup version 0.31-a0-200-gbc41564c69 (webtiles) character file.

Game seed: 5800031054767734567

10952 qw the Skirmisher (level 11, 0/68 HPs)
             Began as a Deep Elf Hunter on June 25, 2023.
             Was a Priest of Okawaru.
             Slain by a komodo dragon (25 damage)
             ... on level 2 of the Lair of Beasts.
             The game lasted 00:03:44 (8440 turns).

qw the Skirmisher (Deep Elf Hunter)                 Turns: 8440, Time: 00:03:45

Health: 0/68       AC: 18    Str: 10    XL:     11   Next: 42%
Magic:  15/16      EV: 24    Int: 13    God:    Okawaru [***...]
Gold:   291        SH:  0    Dex: 26    Spells: 10/10 levels left

rFire   + . .        Y - +3 shortbow
rCold   . . .        (shield currently unavailable)
rNeg    . . .        p - +0 swamp dragon scales
rPois   +            r - +1 helmet
rElec   .            l - +0 cloak
rCorr   .            j - +1 pair of gloves
SInv    +            o - +0 pair of boots
Will    +....        (no amulet)
Stlth   +++          (no ring)
HPRegen 0.31/turn    f - ring of protection from fire
MPRegen 0.15/turn

%: clarity
@: heroic
A: see invisible, agile 2, clarity
a: Renounce Religion, Heroism


You were on level 2 of the Lair of Beasts.
You worshipped Okawaru.
Okawaru was most pleased with you.
You visited 3 branches of the dungeon, and saw 11 of its levels.
You also visited: Sewer.

You collected 583 gold pieces.
You spent 292 gold pieces at shops.


Innate Abilities, Weirdness & Mutations

You have supernaturally acute eyesight. (SInv)
You are very agile. (Dex +8, Str/Int -2)
You possess an exceptional clarity of mind.


   Skills:
 + Level 7.6(12.6) Fighting
 - Level 14.9(19.9) Ranged Weapons
 - Level 5.1(10.1) Armour
 - Level 12.1(17.1) Dodging
 - Level 1.2(6.2) Stealth
 - Level 4.0 Invocations


You had 10 spell levels left.
You didn't know any spells.
Your spell library was empty.

Inventory:

Hand Weapons
 Y - a +3 shortbow (weapon)
Armour
 j - a +1 pair of gloves (worn)
 l - a +0 cloak (worn)
 o - a +0 pair of boots (worn)
 p - +0 swamp dragon scales (worn)
 r - a +1 helmet (worn)
Jewellery
 c - a ring of poison resistance
 f - a ring of protection from fire (right hand)
Scrolls
 i - 2 scrolls of identify
Potions
 d - 5 potions of curing
 g - 3 potions of haste
 h - 3 potions of mutation
 m - 3 potions of cancellation
 n - a potion of enlightenment
 q - a potion of might
 t - a potion of attraction {unknown}

Dungeon Overview and Level Annotations

Branches:
Dungeon (8/15)             Temple (1/1) D:5            Lair (2/5) D:8
  Sewer (visited)
  Swamp: Lair:2-3    Shoals: Lair:2-3     Snake: Lair:2-3    Spider: Lair:2-3

Altars:
Ashenzari
Cheibriados
Dithmenos
Elyvilon
Fedhas
Gozag
Hepliaklqana
Kikubaaqudgha
Nemelex Xobeh
Okawaru
Qazlal
Ru
Sif Muna
Trog
Uskayaw
Vehumet
Wu Jian
Xom
Yredelemnul
Zin
The Shining One

Shops:
D:5 [!   D:7 (

Annotations:
D:1 2 transporters


Message History

You shoot an arrow.
The arrow completely misses the blink frog.
You shoot an arrow. The komodo dragon hisses angrily.
The arrow hits the blink frog!
The blink frog is heavily wounded.
A blink frog comes into view.
The blink frog blinks!
You shoot an arrow. The blink frog croaks.
The arrow hits the blink frog!
The blink frog is moderately wounded.
You shoot an arrow. The arrow hits the blink frog.
The blink frog is moderately wounded.
The blink frog blinks!
You shoot an arrow. The arrow hits the blink frog!!
The blink frog is almost dead.
A blink frog comes into view.
You shoot an arrow. The arrow hits the blink frog!
You kill the blink frog!
Okawaru accepts your kill.
The blink frog blinks!
You shoot an arrow.
The arrow closely misses the blink frog.
The arrow hits the blink frog!
The blink frog is heavily wounded.
The blink frog misses you.
The blink frog blinks!
You shoot an arrow. The arrow hits the blink frog!
The blink frog is moderately wounded.
The blink frog completely misses you.
You shoot an arrow.
The arrow closely misses the blink frog.
The blink frog blinks! x2
You shoot an arrow. The arrow hits the komodo dragon.
The komodo dragon is lightly wounded.
The komodo dragon closely misses you.
You shoot an arrow. The arrow hits the komodo dragon!
The komodo dragon is moderately wounded.
The komodo dragon bites you!!
You die...

~..........##.%.########
~...P.....##..%..##
~~..#.P...####.....#
~~..........P.......#
~~~..%F.....(........#
~~~..................#
~...........F........#
...<........>........#
.........ยค@.F........#
.........l...........#
.....................#
####..........#.....# .
####..............#
...###.##........#.....##
.........P..............##
.........................###
....####...................##


You could see a komodo dragon and 3 blink frogs.

Vanquished Creatures
  A catoblepas (Lair:2)
  Pikel (D:7)
  A salamander (Lair:2)
  3 black mambas
  2 cane toads
  Maggie (D:6)
  2 komodo dragons
  A rime drake (D:8)
  8 blink frogs
  4 yaks
  Eustachio (D:6)
  4 steam dragons
  Menkaure (D:7)
  6 water moccasins
  An ice beast (D:7)
  A sky beast (D:8)
  4 wolves (D:8)
  A black bear (D:8)
  2 ogres
  A centaur (D:8)
  A kobold brigand (D:7)
  Blork the orc (D:6)
  8 bullfrogs
  4 scorpions
  15 wights
  2 hounds
  4 jellies
  A gnoll bouda (D:8)
  2 orc priests
  2 sleepcaps
  An iguana (D:6)
  8 orc wizards
  12 hell rats
  5 adders
  5 gnolls (D:8)
  3 river rats
  A shadow imp (D:6)
  A dart slug (D:1)
  3 worms
  15 orcs
  6 endoplasms
  3 giant cockroaches
  7 goblins
  6 hobgoblins
  8 kobolds
  3 quokkas (D:4)
  4 ball pythons
  6 bats
  4 frilled lizards
  12 rats
199 creatures vanquished.

Notes
Turn   | Place    | Note
-------+----------+-------------------------------------------
     0 | D:1      | qw the Deep Elf Hunter began the quest for the Orb.
     0 | D:1      | Reached XP level 1. HP: 12/12 MP: 3/3
     0 | D:1      | 0 ||| qw: Version: 0.3-a-22-g0ed2b0b
     0 | D:1      | 0 ||| qw: Game counter: 5565
     0 | D:1      | 0 ||| qw: Melee chars always use a shield: true
     0 | D:1      | 0 ||| qw: God list: Okawaru
     0 | D:1      | 0 ||| qw: Allow faded altars: false
     0 | D:1      | 0 ||| qw: Do Orc after clearing Dungeon:15 true
     0 | D:1      | 0 ||| qw: Do second Lair branch before Depths: true
     0 | D:1      | 0 ||| qw: Lair rune preference: random
     0 | D:1      | 0 ||| qw: Goals: Normal
     0 | D:1      | 0 ||| PLANNING D:1-11
   162 | D:1      | Reached XP level 2. HP: 16/16 MP: 4/4
   198 | D:1      | Reached skill level 6 in Ranged Weapons
   596 | D:1      | 596 ||| UPGRADING to +0 ring mail.
   606 | D:1      | 606 ||| DROPPING +0 leather armour.
   607 | D:1      | 607 ||| READING scroll labelled XYMOTE QIPP.
   608 | D:1      | 608 ||| READING 2 scrolls labelled LYRUIS HUMY.
   609 | D:1      | 609 ||| READING scroll labelled IQIRIP KILE.
   610 | D:1      | 610 ||| READING scroll labelled CUALIX WIGIV.
   611 | D:1      | 611 ||| READING scroll labelled UTOESI PIVAOMINT.
   612 | D:1      | 612 ||| DRINKING 2 silvery potions.
   613 | D:1      | 613 ||| DRINKING 2 ruby potions.
   614 | D:1      | 614 ||| DROPPING scroll of butterflies.
   770 | D:2      | Reached XP level 3. HP: 15/20 MP: 5/5
   783 | D:2      | 783 ||| FLEEEEING.
   815 | D:2      | Found a faded altar of an unknown god.
   893 | D:2      | Identified the +9 falchion "Xaonirgh" {heavy, rF+ Will-
                  | Dex+4 SInv}
  1163 | D:2      | Reached skill level 7 in Ranged Weapons
  1181 | D:2      | 1181 ||| UPGRADING to +0 cloak.
  1186 | D:2      | 1186 ||| READING scroll labelled JESIKAEGE.
  1187 | D:2      | 1187 ||| READING scroll labelled GIG YFIHOQ.
  1188 | D:2      | 1188 ||| DRINKING 2 glowing puce potions.
  1188 | D:2      | Gained mutation: Armour fits poorly on your strangely
                  | shaped body. [potion of mutation]
  1188 | D:2      | Gained mutation: Potions are less effective at restoring
                  | your health. [potion of mutation]
  1189 | D:2      | 1189 ||| DRINKING potion of mutation.
  1189 | D:2      | Lost mutation: Potions are less effective at restoring your
                  | health. [potion of mutation]
  1189 | D:2      | Lost mutation: Armour fits poorly on your strangely shaped
                  | body. [potion of mutation]
  1189 | D:2      | Gained mutation: You have hidden genetic potential. [potion
                  | of mutation]
  1189 | D:2      | Gained mutation: You have supernaturally acute eyesight.
                  | (SInv) [potion of mutation]
  1189 | D:2      | Gained mutation: You possess an exceptional clarity of
                  | mind. [potion of mutation]
  1190 | D:2      | 1190 ||| DRINKING 2 white potions.
  1191 | D:2      | 1191 ||| READING 3 scrolls of identify.
  1191 | D:2      | 1191 ||| IDENTIFYING sapphire potion
  1192 | D:2      | 1192 ||| READING 2 scrolls of identify.
  1192 | D:2      | 1192 ||| IDENTIFYING murky purple potion
  1193 | D:2      | 1193 ||| DRINKING potion of experience.
  1193 | D:2      | Reached skill level 14 in Ranged Weapons
  1193 | D:2      | Reached XP level 4. HP: 25/25 MP: 6/6
  1194 | D:2      | 1194 ||| DROPPING potion of invisibility.
  1294 | D:3      | Reached XP level 5. HP: 30/30 MP: 7/7
  1375 | D:3      | Found a broken altar of Ashenzari.
  1466 | D:3      | Gained mutation: You are agile. (Dex +4, Str/Int -1)
                  | [hidden potential]
  1638 | D:3      | Identified the +5 hand axe of the Tundras {freeze, rPois
                  | Int+4}
  1655 | D:3      | 1655 ||| READING scroll of enchant weapon.
  1655 | D:3      | 1655 ||| ENCHANTING +1 shortbow.
  1794 | D:3      | Found a glowing golden altar of the Shining One.
  1914 | D:3      | 1914 ||| UPGRADING to +0 helmet.
  1919 | D:3      | 1919 ||| UPGRADING to ring of poison resistance.
  1920 | D:3      | 1920 ||| UPGRADING to ring of protection from fire.
  1929 | D:4      | 1929 ||| PLANNING SEWER
  2074 | D:4      | Reached skill level 3 in Dodging
  2123 | D:4      | Reached XP level 6. HP: 35/35 MP: 8/8
  2145 | D:4      | Gained mutation: You are very agile. (Dex +8, Str/Int -2)
                  | [hidden potential]
  2145 | D:4      | Lost mutation: You have hidden genetic potential. [hidden
                  | potential expressed]
  2147 | D:4      | Reached skill level 1 in Armour
  2518 | D:4      | Found a glowing drain.
  2527 | D:4      | 2527 ||| UPGRADING to amulet of guardian spirit.
  2532 | D:4      | 2532 ||| READING 2 scrolls of identify.
  2532 | D:4      | 2532 ||| IDENTIFYING emerald potion
  2533 | D:4      | 2533 ||| DROPPING potion of brilliance.
  2539 | Sewer    | Entered a sewer
  2555 | Sewer    | 2555 ||| Stepping ~*~*~tactically~*~*~ (water).
  2566 | Sewer    | 2566 ||| Stepping ~*~*~tactically~*~*~ (water).
  2568 | Sewer    | 2568 ||| Stepping ~*~*~tactically~*~*~ (water).
  2577 | Sewer    | 2577 ||| Stepping ~*~*~tactically~*~*~ (water).
  2584 | Sewer    | Reached XP level 7. HP: 31/40 MP: 6/9
  2644 | Sewer    | 2644 ||| READING scroll labelled DUPNAEKAOXT.
  2649 | Sewer    | 2649 ||| READING scroll labelled TEWNUFE KIXOET.
  2650 | Sewer    | 2650 ||| READING 3 scrolls of identify.
  2650 | Sewer    | 2650 ||| IDENTIFYING fuming brown potion
  2651 | Sewer    | 2651 ||| READING 2 scrolls of identify.
  2651 | Sewer    | 2651 ||| IDENTIFYING gluggy blue potion
  2652 | Sewer    | 2652 ||| DROPPING potion of degeneration.
  2657 | D:4      | 2657 ||| PLANNING D:1-11
  2726 | D:4      | 2726 ||| READING scroll labelled ZEAHAN WOSUIM.
  2768 | D:5      | Entered Level 5 of the Dungeon
  2773 | D:5      | Reached skill level 3 in Fighting
  3086 | D:5      | Found Irute's Armour Shoppe.
  3093 | D:5      | 3093 ||| BUYING +0 ring mail of poison resistance (120
                  | gold).
  3093 | D:5      | Bought a +0 ring mail of poison resistance for 120 gold
                  | pieces
  3093 | D:5      | 3093 ||| BUYING +1 pair of gloves (172 gold).
  3093 | D:5      | Bought a +1 pair of gloves for 172 gold pieces
  3124 | D:5      | Found Tivuewuo's Distillery.
  3133 | D:5      | 3133 ||| SHOPLISTING potion of curing (30 gold, have 22).
  3133 | D:5      | 3133 ||| SHOPLISTING potion of heal wounds (50 gold, have
                  | 22).
  3133 | D:5      | 3133 ||| SHOPLISTING potion of resistance (100 gold, have
                  | 22).
  3245 | D:5      | Found a staircase to the Ecumenical Temple.
  3246 | D:5      | 3246 ||| PLANNING TEMPLE
  3246 | D:5      | 3246 ||| UPGRADING to +1 pair of gloves.
  3259 | Temple   | Entered the Ecumenical Temple
  3329 | Temple   | 3329 ||| PLANNING OKAWARU WORSHIP
  3438 | Temple   | Became a worshipper of Warmaster Okawaru
  3439 | Temple   | 3439 ||| PLANNING D:1-11
  3439 | Temple   | 3439 ||| REMOVING amulet of guardian spirit.
  3444 | Temple   | 3444 ||| DROPPING amulet of guardian spirit.
  3658 | D:6      | Noticed Blork the orc
  3662 | D:6      | Killed Blork the orc
  3755 | D:6      | Noticed Maggie
  3768 | D:6      | HP: 7/41 [Maggie/+1 halberd of pain (15)]
  3769 | D:6      | 3769 ||| DRINKING 4 potions of heal wounds.
  3772 | D:6      | 3772 ||| FLEEEEING.
  3773 | D:6      | 3773 ||| FLEEEEING.
  3774 | D:6      | 3774 ||| FLEEEEING.
  3775 | D:6      | 3775 ||| FLEEEEING.
  3776 | D:6      | 3776 ||| FLEEEEING.
  3777 | D:6      | 3777 ||| FLEEEEING.
  3778 | D:6      | 3778 ||| FLEEEEING.
  3779 | D:6      | 3779 ||| FLEEEEING.
  3781 | D:6      | 3781 ||| FLEEEEING.
  3782 | D:6      | 3782 ||| FLEEEEING.
  3783 | D:6      | 3783 ||| FLEEEEING.
  3784 | D:6      | 3784 ||| FLEEEEING.
  3785 | D:6      | 3785 ||| FLEEEEING.
  3787 | D:6      | 3787 ||| FLEEEEING.
  3788 | D:6      | 3788 ||| FLEEEEING.
  3789 | D:6      | 3789 ||| FLEEEEING.
  3790 | D:6      | 3790 ||| FLEEEEING.
  3807 | D:6      | Killed Maggie
  3807 | D:6      | Reached * piety under Okawaru
  3808 | D:6      | Reached skill level 6 in Dodging
  3808 | D:6      | Reached XP level 8. HP: 17/46 MP: 10/10
  3940 | D:6      | Found a white marble altar of Elyvilon.
  4413 | D:6      | Reached skill level 1 in Invocations
  4450 | D:6      | Noticed Eustachio
  4451 | D:6      | 4451 ||| INVOKING Heroism.
  4452 | D:6      | 4452 ||| INVOKING Heroism.
  4459 | D:6      | Killed Eustachio
  4609 | D:6      | 4609 ||| DROPPING +0 ring mail of poison resistance.
  4610 | D:6      | 4610 ||| UPGRADING to +0 pair of boots.
  4615 | D:6      | 4615 ||| UPGRADING to +0 swamp dragon scales.
  4625 | D:6      | 4625 ||| REMOVING ring of poison resistance.
  4626 | D:6      | 4626 ||| DROPPING +0 ring mail.
  4627 | D:6      | 4627 ||| READING 2 scrolls labelled AFUMUU WUORGHUH.
  4628 | D:6      | 4628 ||| READING 3 scrolls of identify.
  4628 | D:6      | 4628 ||| IDENTIFYING fizzy amethyst potion
  4629 | D:6      | 4629 ||| READING 2 scrolls of identify.
  4629 | D:6      | 4629 ||| IDENTIFYING inky potion
  4630 | D:6      | 4630 ||| DROPPING scroll of immolation.
  4690 | D:7      | Noticed Menkaure
  4691 | D:7      | 4691 ||| INVOKING Heroism.
  4695 | D:7      | HP: 12/48 [??? (9)]
  4696 | D:7      | 4696 ||| DRINKING 3 potions of heal wounds.
  4700 | D:7      | Killed Menkaure
  4809 | D:7      | Reached skill level 3 in Invocations
  4843 | D:7      | Reached ** piety under Okawaru
  4903 | D:7      | Reached XP level 9. HP: 52/52 MP: 13/13
  4903 | D:7      | 4903 ||| Stepping ~*~*~tactically~*~*~ (outnumbered).
  4996 | D:7      | Noticed Pikel
  4997 | D:7      | 4997 ||| INVOKING Heroism.
  5007 | D:7      | Killed Pikel
  5008 | D:7      | Reached skill level 3 in Armour
  5056 | D:7      | 5056 ||| INVOKING Heroism.
  5121 | D:7      | 5121 ||| INVOKING Heroism.
  5287 | D:7      | Found Azol's Antique Weapon Shop.
  5556 | D:7      | 5556 ||| UPGRADING to +1 helmet.
  5566 | D:7      | 5566 ||| DROPPING +0 helmet.
  5567 | D:7      | 5567 ||| READING scroll labelled WIFIOFF EMUOG.
  5784 | D:8      | 5784 ||| Stepping ~*~*~tactically~*~*~ (outnumbered).
  5794 | D:8      | 5794 ||| INVOKING Heroism.
  5815 | D:8      | 5815 ||| INVOKING Heroism.
  6053 | D:8      | 6053 ||| READING scroll of enchant weapon.
  6053 | D:8      | 6053 ||| ENCHANTING +2 shortbow.
  6236 | D:8      | Found a staircase to the Lair.
  6293 | D:8      | 6293 ||| PLANNING LAIR
  6293 | D:8      | 6293 ||| DROPPING +3 scale mail.
  6329 | Lair:1   | Entered Level 1 of the Lair of Beasts
  6334 | Lair:1   | Noticed a rime drake
  6338 | Lair:1   | Noticed a black mamba
  6339 | Lair:1   | 6339 ||| STAIRDANCE
  6341 | D:8      | 6341 ||| INVOKING Heroism.
  6347 | D:8      | HP: 8/54 [yak (11)]
  6348 | D:8      | 6348 ||| READING scroll of teleportation.
  6349 | D:8      | 6349 ||| DRINKING 2 potions of heal wounds.
  6395 | D:8      | 6395 ||| INVOKING Heroism.
  6410 | D:8      | Reached XP level 10. HP: 36/58 MP: 15/15
  6516 | Lair:1   | 6516 ||| INVOKING Heroism.
  6527 | Lair:1   | 6527 ||| STAIRDANCE
  6543 | D:8      | Reached skill level 9 in Dodging
  6544 | D:8      | 6544 ||| INVOKING Heroism.
  6548 | D:8      | Killed a black mamba
  6556 | D:8      | Reached skill level 6 in Fighting
  6699 | Lair:1   | 6699 ||| STAIRDANCE
  6701 | D:8      | 6701 ||| INVOKING Heroism.
  6840 | Lair:1   | 6840 ||| STAIRDANCE
  6952 | Lair:1   | 6952 ||| INVOKING Heroism.
  7037 | Lair:1   | 7037 ||| INVOKING Heroism.
  7102 | Lair:1   | 7102 ||| INVOKING Heroism.
  7127 | Lair:1   | 7127 ||| INVOKING Heroism.
  7447 | Lair:1   | Noticed a cane toad
  7448 | Lair:1   | 7448 ||| INVOKING Heroism.
  7458 | Lair:1   | Killed a cane toad
  7630 | Lair:1   | 7630 ||| INVOKING Heroism.
  7638 | Lair:1   | Reached *** piety under Okawaru
  7890 | Lair:1   | 7890 ||| READING 2 scrolls of identify.
  7890 | Lair:1   | 7890 ||| IDENTIFYING smoky pink potion
  7891 | Lair:1   | 7891 ||| DROPPING potion of lignification.
  7938 | Lair:2   | 7938 ||| STAIRDANCE
  7943 | Lair:1   | Reached XP level 11. HP: 48/67 MP: 16/16
  7945 | Lair:1   | 7945 ||| INVOKING Heroism.
  8063 | Lair:2   | 8063 ||| INVOKING Heroism.
  8082 | Lair:2   | 8082 ||| INVOKING Heroism.
  8109 | Lair:2   | 8109 ||| INVOKING Heroism.
  8331 | Lair:2   | 8331 ||| INVOKING Heroism.
  8336 | Lair:2   | Noticed a catoblepas
  8339 | Lair:2   | 8339 ||| Stepping ~*~*~tactically~*~*~ (outnumbered).
  8344 | Lair:2   | 8344 ||| Stepping ~*~*~tactically~*~*~ (cloud).
  8349 | Lair:2   | 8349 ||| Stepping ~*~*~tactically~*~*~ (cloud).
  8352 | Lair:2   | 8352 ||| Stepping ~*~*~tactically~*~*~ (cloud).
  8353 | Lair:2   | HP: 11/67 [catoblepas (21)]
  8354 | Lair:2   | 8354 ||| DRINKING potion of heal wounds.
  8356 | Lair:2   | 8356 ||| INVOKING Heroism.
  8358 | Lair:2   | HP: 15/67 [catoblepas (3)]
  8359 | Lair:2   | HP: 1/67 [catoblepas (14)]
  8361 | Lair:2   | Killed a catoblepas
  8362 | Lair:2   | Reached skill level 12 in Dodging
  8362 | Lair:2   | 8362 ||| FLEEEEING.
  8375 | Lair:2   | 8375 ||| FLEEEEING.
  8428 | Lair:2   | 8428 ||| INVOKING Heroism.
  8440 | Lair:2   | Slain by a komodo dragon

Levels and vault maps discovered:
D:1:      spicycebolla_arrival_transporter_tutorial, layout_loops_ring,
          serial_bayou_pond_d
D:2:      layout_basic, basic_ecumenical_altar, grunt_decor_one_mirror
D:3:      layout_basic, ashenzari_altar_1, lemuel_coloured_pillars_altar
D:4:      layout_gridville, gup_sewer_entry_bubbles,
          nicolae_concentric_dashed_squares_wild
D:5:      layout_cave_pools, minmay_temple_entry_purple_smoke, serial_shops,
          shop, shop, chequers_big_river, small_statue_intersection
D:6:      layout_loops_ring, elyvilon_altar_1, nicolae_underground_beach,
          uniq_blork_the_orc, uniq_maggie, uniq_eustachio
D:7:      layout_basic, serial_shops, shop, nrook_mini_backslash,
          kennysheep_doodads, nrook_campfire, kennysheep_cross_room,
          uniq_menkaure, uniq_pikel
D:8:      layout_basic, lair_entry_dummy, chequers_serial_rivers_micro_a
Temple:   regret_index_temple_mists
Lair:1:   layout_gridlike, minivault_24, serial_bayou_pond_d,
          grunt_megastairs_3, lemuel_fruit_fields
Lair:2:   layout_gridlike, nicolae_snake_entry_warm_welcome, nzn_random_ring,
          infiniplex_staircase_pool_2, grunt_megastairs_5, lemuel_fruit_fields,
          lemuel_fruit_fields

Skill      XL: |  1  2  3  4  5  6  7  8  9 10 11 |
---------------+----------------------------------+-----
Ranged Weapons | 6 14 | 14.9
Fighting       | 2 3 4 5 7 |  7.6
Dodging        | 3 4 6 8 11 12 | 12.1
Armour         | 1 2 3 4 5 |  5.1
Invocations    | 3 4 |  4.0
Stealth        | |  1.2

Action                     |  1- 3 |  4- 6 |  7- 9 | 10-12 || total
---------------------------+-------+-------+-------+-------++-------
   Fire: Shortbow          |    84 |   129 |   316 |   284 ||   813
 Invoke: Heroism           |       |       |     9 |    16 ||    25
    Use: Scroll            |     9 |     2 |    11 |     1 ||    23
         Potion            |     6 |       |     3 |     1 ||    10
 Armour: Ring mail         |     4 |     8 |     6 |       ||    18
         Leather armour    |     1 |       |       |       ||     1
         Swamp dragon scal |       |       |    12 |    73 ||    85
  Dodge: Dodged            |     7 |    16 |    55 |   277 ||   355

Table legend:
 A = Non-vault XP
 B = Vault XP
 C = Vault XP percentage of total XP
 D = Non-vault monster count
 E = Vault monster count
 F = Vault count percentage of total count
                 A         B        C        D         E       F
            +---------+---------+-------+---------+---------+-------
      Total |   11947 |    3621 |  23.3 |     164 |      35 |  17.6
            +---------+---------+-------+---------+---------+-------
        D:1 |      33 |       0 |   0.0 |      22 |       0 |   0.0
        D:2 |      39 |       0 |   0.0 |      16 |       0 |   0.0
        D:3 |      70 |       0 |   0.0 |      11 |       0 |   0.0
        D:4 |     430 |      51 |  10.6 |      17 |       8 |  32.0
        D:5 |     454 |       0 |   0.0 |      14 |       0 |   0.0
        D:6 |     194 |     688 |  78.0 |       8 |       3 |  27.3
        D:7 |    1191 |     792 |  39.9 |      18 |       2 |  10.0
        D:8 |    1601 |    1235 |  43.5 |      23 |      10 |  30.3
     Lair:1 |    4121 |     151 |   3.5 |      20 |       1 |   4.8
     Lair:2 |    3814 |     651 |  14.6 |      15 |       2 |  11.8
      Sewer |       0 |      53 | 100.0 |       0 |       9 | 100.0
            +---------+---------+-------+---------+---------+-------
